% Time on Ice - EDMONTON ICE
Lines # - Real PCT - Wanted PCT - Time Play
Normal Forward
1 - 35% - 36% - 20:26
2 - 34% - 33% - 19:33
3 - 24% - 24% - 13:52
4 - 7% - 7% - 4:10
Normal Defense
1 - 35% - 37% - 20:07
2 - 33% - 30% - 19:15
3 - 25% - 23% - 14:34
4 - 7% - 10% - 4:05
PP Forward
1 - 0% - 65%
2 - 0% - 35%
PP Defense
1 - 0% - 60%
2 - 0% - 40%
PK Forward
1 - 69% - 60% - 1:22
2 - 31% - 40% - 0:37
PK Defense
1 - 64% - 60% - 1:16
2 - 36% - 40% - 0:43
PK3 Forward
1 - 0% - 55%
2 - 0% - 45%
PK3 Defense
1 - 0% - 55%
2 - 0% - 45%
44 Forward
1 - 0% - 55%
2 - 0% - 45%
44 Defense
1 - 0% - 55%
2 - 0% - 45%
Last Minute Offensive  - 0:00
Last Minute Defensive  - 0:00
Total
Forward - 60:00
Defense - 60:00
% Time on Ice - PHOENIX MUSTANGS
Lines # - Real PCT - Wanted PCT - Time Play
Normal Forward
1 - 31% - 36% - 18:00
2 - 30% - 31% - 17:10
3 - 22% - 23% - 13:00
4 - 17% - 10% - 9:51
Normal Defense
1 - 33% - 36% - 18:56
2 - 30% - 31% - 17:12
3 - 30% - 23% - 17:26
4 - 8% - 10% - 4:27
PP Forward
1 - 62% - 55% - 1:14
2 - 38% - 45% - 0:45
PP Defense
1 - 62% - 55% - 1:14
2 - 38% - 45% - 0:45
PK Forward
1 - 0% - 55%
2 - 0% - 45%
PK Defense
1 - 0% - 55%
2 - 0% - 45%
PK3 Forward
1 - 0% - 55%
2 - 0% - 45%
PK3 Defense
1 - 0% - 55%
2 - 0% - 45%
44 Forward
1 - 0% - 55%
2 - 0% - 45%
44 Defense
1 - 0% - 55%
2 - 0% - 45%
Last Minute Offensive  - 0:00
Last Minute Defensive  - 0:00
Total
Forward - 60:00
Defense - 60:00
Play-by-Play 1st period 0:01 of 1st period - Taylor Hall wins face-off versus Dawson Mercer in neutral zone. 0:04 of 1st period - Shot by Conor Sheary. 0:04 of 1st period - Shot Misses the Net. 0:14 of 1st period - Shot by Andreas Athanasiou. 0:14 of 1st period - Stopped by Vitek Vanecek without a rebound. 0:15 of 1st period - Thomas Novak wins face-off versus Juuso Parssinen in EDMONTON ICE zone. 0:17 of 1st period - Tomas Tatar is hit by Juuso Parssinen. 0:18 of 1st period - Off-side. 0:19 of 1st period - Anton Lundell wins face-off versus Mike Sgarbossa in neutral zone. 0:26 of 1st period - Shot by Anthony Beauvillier. 0:26 of 1st period - Shot Misses the Net. 0:41 of 1st period - Shot by Anthony Beauvillier. 0:41 of 1st period - Stopped by Jake Allen with a rebound. 0:55 of 1st period - Shot by Anton Lundell. 0:55 of 1st period - Shot Misses the Net. 1:00 of 1st period - Off-side. 1:01 of 1st period - Thomas Novak wins face-off versus Jesper Fast in neutral zone. 1:48 of 1st period - Icing by Jonas Brodin. 1:49 of 1st period - Thomas Novak wins face-off versus Andreas Athanasiou in EDMONTON ICE zone. 2:21 of 1st period - Alex Tuch is hit by Matt Irwin and loses puck. 2:28 of 1st period - Shot by Alex Tuch. 2:28 of 1st period - Shot Misses the Net. 2:30 of 1st period - Shot by Alex Tuch. 2:30 of 1st period - Shot Misses the Net. 2:32 of 1st period - Shot by Ryan Graves. 2:32 of 1st period - Shot Misses the Net. 2:34 of 1st period - Shot by Alex Tuch. 2:34 of 1st period - Shot Misses the Net. 2:40 of 1st period - Shot by Dawson Mercer. 2:40 of 1st period - Stopped by Jake Allen with a rebound. 2:54 of 1st period - Icing by Matt Irwin. 2:55 of 1st period - Anton Lundell wins face-off versus Andreas Athanasiou in PHOENIX MUSTANGS zone. 3:11 of 1st period - Shot by Anton Lundell. 3:11 of 1st period - Shot Misses the Net. 4:45 of 1st period - Nino Niederreiter is hit by Xavier Ouellet and loses puck. 5:06 of 1st period - Shot by Juuso Parssinen. 5:06 of 1st period - Shot Misses the Net. 5:10 of 1st period - Shot by Juuso Parssinen. 5:10 of 1st period - Stopped by Vitek Vanecek with a rebound. 5:12 of 1st period - Shot by Juuso Parssinen. 5:12 of 1st period - Shot Misses the Net. 5:23 of 1st period - Icing by Dawson Mercer. 5:24 of 1st period - Dawson Mercer wins face-off versus Chris Terry in EDMONTON ICE zone. 5:38 of 1st period - Off-side. 5:39 of 1st period - Jonathan Miller wins face-off versus Anthony Beauvillier in neutral zone. 6:18 of 1st period - Shot by Anton Lundell. 6:18 of 1st period - Stopped by Jake Allen without a rebound. 6:19 of 1st period - Mike Sgarbossa wins face-off versus Scott Laughton in PHOENIX MUSTANGS zone. 6:30 of 1st period - Alex Tuch is hit by Ilya Lyubushkin and loses puck. 6:49 of 1st period - Shot by Alex Tuch. 6:49 of 1st period - Shot Misses the Net. 6:51 of 1st period - Shot by Scott Laughton. 6:51 of 1st period - Shot Misses the Net. 6:53 of 1st period - Shot by Ryan Graves. 6:53 of 1st period - Shot Misses the Net. 7:19 of 1st period - Icing by John Klingberg. 7:20 of 1st period - Mike Sgarbossa wins face-off versus Anton Lundell in PHOENIX MUSTANGS zone. 7:33 of 1st period - Shot by Anthony Beauvillier. 7:33 of 1st period - Shot Blocked by John Klingberg. 7:35 of 1st period - Shot by Anton Lundell. 7:35 of 1st period - Shot Misses the Net. 7:59 of 1st period - Shot by Anthony Beauvillier. 7:59 of 1st period - Deflect By Evgeny Dadonov. 7:59 of 1st period - Stopped by Jake Allen with a rebound. 8:01 of 1st period - Shot by Jonas Brodin. 8:01 of 1st period - Stopped by Jake Allen without a rebound. 8:02 of 1st period - Juuso Parssinen wins face-off versus Thomas Novak in PHOENIX MUSTANGS zone. 8:02 of 1st period - Juuso Parssinen is hit by Tomas Tatar. 8:07 of 1st period - Off-side. 8:08 of 1st period - Juuso Parssinen wins face-off versus Thomas Novak in neutral zone. 8:34 of 1st period - Shot by Juuso Parssinen. 8:34 of 1st period - Shot Misses the Net. 8:36 of 1st period - Shot by Jesper Fast. 8:36 of 1st period - Goal by Jesper Fast - EDMONTON ICE : 0 - PHOENIX MUSTANGS : 1. 8:37 of 1st period - Andreas Athanasiou wins face-off versus Dawson Mercer in neutral zone. 8:49 of 1st period - Minor Penalty to Jonas Brodin for Hooking. 8:50 of 1st period - Anton Lundell wins face-off versus Andreas Athanasiou in EDMONTON ICE zone. 9:55 of 1st period - Jesper Fast is hit by Tanner Jeannot. 10:42 of 1st period - Icing by Andreas Athanasiou. 10:43 of 1st period - Andreas Athanasiou wins face-off versus Scott Laughton in PHOENIX MUSTANGS zone. 10:56 of 1st period - Shot by Nino Niederreiter. 10:56 of 1st period - Stopped by Jake Allen without a rebound. 10:57 of 1st period - Jonathan Miller wins face-off versus Dawson Mercer in PHOENIX MUSTANGS zone. 10:57 of 1st period - Jonathan Miller is hit by Scott Laughton. 11:13 of 1st period - Shot by Alex Tuch. 11:13 of 1st period - Goal by Alex Tuch - EDMONTON ICE : 1 - PHOENIX MUSTANGS : 1. 11:14 of 1st period - Juuso Parssinen wins face-off versus Thomas Novak in neutral zone. 11:17 of 1st period - Shot by Jesper Fast. 11:17 of 1st period - Shot Misses the Net. 11:27 of 1st period - Shot by Nino Niederreiter. 11:27 of 1st period - Stopped by Jake Allen without a rebound. 11:28 of 1st period - Andreas Athanasiou wins face-off versus Dawson Mercer in PHOENIX MUSTANGS zone. 11:36 of 1st period - Icing by Shea Theodore. 11:37 of 1st period - Juuso Parssinen wins face-off versus Dawson Mercer in EDMONTON ICE zone. 11:45 of 1st period - Icing by Dawson Mercer. 11:46 of 1st period - Dawson Mercer wins face-off versus Andreas Athanasiou in EDMONTON ICE zone. 12:57 of 1st period - Icing by Gavin Bayreuther. 12:58 of 1st period - Andreas Athanasiou wins face-off versus Thomas Novak in PHOENIX MUSTANGS zone. 13:11 of 1st period - Shot by Juuso Parssinen. 13:11 of 1st period - Stopped by Vitek Vanecek with a rebound. 13:36 of 1st period - Shot by John Klingberg. 13:36 of 1st period - Stopped by Vitek Vanecek without a rebound. 13:37 of 1st period - Mike Sgarbossa wins face-off versus Anton Lundell in EDMONTON ICE zone. 14:02 of 1st period - Shot by Anton Lundell. 14:02 of 1st period - Shot Misses the Net. 14:14 of 1st period - Shot by Anthony Beauvillier. 14:14 of 1st period - Shot Misses the Net. 16:54 of 1st period - Icing by Zach Whitecloud. 16:55 of 1st period - Anton Lundell wins face-off versus Jonathan Miller in EDMONTON ICE zone. 16:55 of 1st period - Anton Lundell is hit by Christian Fischer. 17:14 of 1st period - Icing by T.J. Brodie. 17:15 of 1st period - Jonathan Miller wins face-off versus Dawson Mercer in PHOENIX MUSTANGS zone. 18:19 of 1st period - Shot by Juuso Parssinen. 18:19 of 1st period - Stopped by Vitek Vanecek with a rebound. 19:28 of 1st period - Shot by Anthony Beauvillier. 19:28 of 1st period - Stopped by Jake Allen without a rebound. 19:29 of 1st period - Dawson Mercer wins face-off versus Arthur Kaliyev in PHOENIX MUSTANGS zone. 19:29 of 1st period - Scott Laughton is hit by Xavier Ouellet and loses puck. 19:49 of 1st period - Shot by Scott Laughton. 19:49 of 1st period - Stopped by Jake Allen without a rebound. 19:50 of 1st period - Jonathan Miller wins face-off versus Anton Lundell in PHOENIX MUSTANGS zone. 19:50 of 1st period - Jonathan Miller is hit by Evgeny Dadonov. Goals for this period are 1 for EDMONTON ICE vs 1 for PHOENIX MUSTANGS. Shots for this period are 10 for EDMONTON ICE vs 6 for PHOENIX MUSTANGS. 2nd period 0:01 of 2nd period - Anton Lundell wins face-off versus Taylor Hall in neutral zone. 0:03 of 2nd period - Off-side. 0:04 of 2nd period - Andreas Athanasiou wins face-off versus Anton Lundell in neutral zone. 0:58 of 2nd period - Shot by Thomas Novak. 0:58 of 2nd period - Shot Misses the Net. 1:16 of 2nd period - Conor Sheary is hit by Nino Niederreiter and loses puck. 1:47 of 2nd period - Shot by Alex Tuch. 1:47 of 2nd period - Stopped by Jake Allen without a rebound. 1:48 of 2nd period - Juuso Parssinen wins face-off versus Alex Tuch in PHOENIX MUSTANGS zone. 1:48 of 2nd period - Jesper Fast is hit by Alex Tuch and loses puck. 1:57 of 2nd period - Shot by Juuso Parssinen. 1:57 of 2nd period - Shot Blocked by Zach Whitecloud. 2:01 of 2nd period - Shot by Conor Garland. 2:01 of 2nd period - Shot Misses the Net. 2:03 of 2nd period - Shot by Jesper Fast. 2:03 of 2nd period - Shot Misses the Net. 2:05 of 2nd period - Shot by Jesper Fast. 2:05 of 2nd period - Stopped by Vitek Vanecek without a rebound. 2:06 of 2nd period - Anton Lundell wins face-off versus Mike Sgarbossa in EDMONTON ICE zone. 2:13 of 2nd period - Icing by T.J. Brodie. 2:14 of 2nd period - Anton Lundell wins face-off versus Mike Sgarbossa in PHOENIX MUSTANGS zone. 2:17 of 2nd period - Shot by Anthony Beauvillier. 2:17 of 2nd period - Shot Misses the Net. 2:43 of 2nd period - Shot by Evgeny Dadonov. 2:43 of 2nd period - Stopped by Jake Allen without a rebound. 2:44 of 2nd period - Juuso Parssinen wins face-off versus Thomas Novak in PHOENIX MUSTANGS zone. 3:00 of 2nd period - Shot by Tomas Tatar. 3:00 of 2nd period - Stopped by Jake Allen without a rebound. 3:01 of 2nd period - Jonathan Miller wins face-off versus Dawson Mercer in PHOENIX MUSTANGS zone. 3:18 of 2nd period - Shot by Alex Barre-Boulet. 3:18 of 2nd period - Stopped by Vitek Vanecek with a rebound. 3:52 of 2nd period - Jesper Fast is hit by Dawson Mercer and loses puck. 4:17 of 2nd period - Shot by Conor Garland. 4:17 of 2nd period - Stopped by Vitek Vanecek without a rebound. 4:18 of 2nd period - Andreas Athanasiou wins face-off versus Thomas Novak in EDMONTON ICE zone. 4:55 of 2nd period - Shot by Tomas Tatar. 4:55 of 2nd period - Deflect By Nino Niederreiter. 4:55 of 2nd period - Stopped by Jake Allen without a rebound. 4:56 of 2nd period - Juuso Parssinen wins face-off versus Anton Lundell in PHOENIX MUSTANGS zone. 5:26 of 2nd period - Shot by Evgeny Dadonov. 5:26 of 2nd period - Stopped by Jake Allen with a rebound. 6:09 of 2nd period - Shot by Tomas Tatar. 6:09 of 2nd period - Stopped by Jake Allen with a rebound. 6:11 of 2nd period - Shot by Ryan Graves. 6:11 of 2nd pe